 Dungeon Crawl Stone Soup version 0.27.1-33-g824d729ab1 (webtiles) character file.

Game seed: 9266883181752947485

2473 ryw the Caller (level 9, 0/71 HPs)
             Began as a Demigod Summoner on Nov 30, 2021.
             Slain by a troll (11 damage)
             ... on level 7 of the Dungeon on Dec 1, 2021.
             The game lasted 00:43:26 (13513 turns).

ryw the Caller (Demigod Summoner)                  Turns: 13513, Time: 00:43:27

Health: 0/71       AC:  5    Str: 12    XL:     9   Next: 6%
Magic:  3/16       EV: 13    Int: 29    God:
Gold:   269        SH:  0    Dex: 14    Spells: 4/13 levels left

rFire    + . .     SeeInvis +   o - +7 short sword of Wyrd {vorpal, Str+3 Stlth+}
rCold    . . .     Faith    .   (no shield)
rNeg     . . .     Spirit   .   p - +0 leather armour {rF+}
rPois    .         Reflect  .   x - +0 helmet
rElec    .         Harm     .   (no cloak)
rCorr    .         Rampage  .   u - +0 pair of gloves
Will     .....                  (no boots)
Stlth    +++.......             (no amulet)
HPRegen  0.21/turn              m - ring of see invisible
MPRegen  0.15/turn              (no ring)

@: no status effects
A: high mp 1, forlorn
a: no special abilities


You were on level 7 of the Dungeon.
You visited 1 branch of the dungeon, and saw 7 of its levels.

You collected 269 gold pieces.

Inventory:

Hand Weapons
 o - the +7 short sword of Wyrd (weapon) {vorpal, Str+3 Stlth+}
   (You found it on level 6 of the Dungeon)

   It inflicts extra damage upon your enemies.
   Str:       It affects your strength (+3).
   Stlth:     It makes you more stealthy.
 q - a +2 dagger of protection
Missiles
 e - 27 poisoned darts
Armour
 p - a +0 leather armour of fire resistance (worn)
 u - a +0 pair of gloves (worn)
 x - a +0 helmet (worn)
Magical Staves
 d - a staff of conjuration
Jewellery
 m - a ring of see invisible (left hand)
 w - a ring of willpower
Wands
 c - a wand of acid (7)
 k - a wand of iceblast (6)
Scrolls
 g - 3 scrolls of identify
 i - a scroll of holy word {unknown}
 r - 2 scrolls of blinking {unknown}
 s - a scroll of brand weapon {unknown}
 v - a scroll of magic mapping {unknown}
 y - a scroll of teleportation {unknown}
Potions
 a - a potion of attraction {unknown}
 b - a potion of degeneration {unknown}
 f - a potion of magic {unknown}
 h - a potion of lignification
 j - a potion of heal wounds
 l - 3 potions of curing
 n - a potion of invisibility
 t - 2 potions of mutation {unknown}


   Skills:
 + Level 4.3 Fighting
 * Level 4.1 Short Blades
 - Level 4.5 Staves
 + Level 3.0 Armour
 + Level 4.8 Dodging
 - Level 1.7 Stealth
 + Level 2.5 Spellcasting
 + Level 5.9 Summonings
 - Level 3.0 Evocations


You had 4 spell levels left.
You knew the following spells:

 Your Spells              Type           Power      Damage    Failure   Level
a - Summon Small Mammal   Summ           100%       N/A       1%          1
b - Call Imp              Summ           38%        N/A       1%          2
c - Call Canine Familiar  Summ           38%        N/A       2%          3
d - Summon Guardian Gole  Hex/Summ       20%        N/A       9%          3

Your spell library contained the following spells:

 Spells                   Type           Power      Damage    Failure   Level
 Dazzling Flash           Conj/Hex       6%         N/A       30%         3
 Summon Lightning Spire   Summ/Air       20%        N/A       30%         4
 Iskenderun's Mystic Bla  Conj/Tloc      3%         2d3       71%         4
 Starburst                Conj/Fire      1%         6d3       100%        6


Dungeon Overview and Level Annotations

Branches:
Dungeon (7/15)             Temple (0/1) D:4

Annotations:
D:3 1 runed translucent door, MemeProof's ghost, weakling MiFi
D:5 2 runed translucent doors, GeorgeFloyd's ghost, novice MiFi
D:7 4 runed translucent doors


Innate Abilities, Weirdness & Mutations

Your attributes grow dramatically as you level up.
You have an increased reservoir of magic. (+10% MP)
You shall have no god before yourself.


Message History

The vampire barely misses you. The vampire bites you.
The vampire draws strength from your injuries!
Your white imp barely misses the vampire.
Unknown command.
Casting: Call Imp (safe; 1% risk of failure)
Confirm with . or Enter, or press ? or * to list all spells.
A shadowy apparition takes form in the air.
Your shadow imp says, "I'm here!"
The vampire completely misses you. The vampire bites you.
The vampire draws strength from your injuries!
Your white imp closely misses the vampire.
You swap places.
The vampire hits your shadow imp!
Your shadow imp dies!
Your shadow imp disappears in a puff of smoke!
Your white imp barely misses the vampire.
Casting: Call Imp (safe; 1% risk of failure)
Confirm with . or Enter, or press ? or * to list all spells.
A beastly little devil appears in a puff of flame.
You swap places.
The vampire hits your crimson imp but does no damage.
The vampire bites your crimson imp!
Your white imp barely misses the vampire.
The vampire hits your crimson imp!
Your crimson imp dies!
Your crimson imp disappears in a puff of smoke!
Your white imp hits the vampire but does no damage.
Your crimson imp blinks!
Your white imp gestures at the vampire.
The puff of frost hits the vampire.
The vampire resists.
Your white imp gestures at the vampire.
The puff of frost hits the vampire.
The vampire resists.
There is a stone staircase leading down here.
You climb downwards.
Level annotation: 4 runed translucent doors The troll bites you.
The troll closely misses you. The troll claws you!
* * * LOW HITPOINT WARNING * * *
The troll bites you.
* * * LOW HITPOINT WARNING * * *
The troll claws you but does no damage. The troll claws you!
You die...

......# #.........##....###
###...# #........)##......# #...#
#.........##....#.# #...#####
#...#.<#####....#.# #.......##
##.....###.........#
##########.###....### #.......#..
≈≈≈≈≈≈# #........# ##.5.....#.#
......#########.T.####...........
................@................
......#################.......#..
≈≈≈≈≈≈# #.......#.. #######
#.......### #.......# # #########


You could see a troll.

Vanquished Creatures
  A hornet (D:7)
  Edmund (D:4)
  An ice beast (D:6)
  A sky beast (D:7)
  2 ogres (D:6)
  2 centaurs (D:7)
  A bullfrog (D:6)
  A water moccasin skeleton (D:5)
  A wight (D:7)
  2 centaur skeletons (D:7)
  A jelly (D:7)
  An adder (D:6)
  A shadow imp (D:6)
  A dart slug (D:1)
  An orc (D:6)
  3 ball pythons
  4 goblins
  2 jackals (D:1)
  A quokka (D:4)
  3 bats
  A frilled lizard (D:2)
  A kobold (D:1)
  4 rats
  2 rat zombies (D:7)
39 creatures vanquished.

Vanquished Creatures (collateral kills)
  Sigmund (D:3)
  A wyvern (D:7)
  Eustachio (D:4)
  A steam dragon (D:6)
  A water moccasin (D:6)
  A hornet zombie (D:7)
  A black bear (D:4)
  An orc warrior (D:6)
  A necrophage (D:6)
  4 ogres
  A phantom (D:5)
  A bullfrog (D:6)
  A gnoll sergeant (D:7)
  2 scorpions
  2 water moccasin skeletons
  2 wights (D:7)
  A bullfrog zombie (D:5)
  A howler monkey (D:6)
  A hound (D:7)
  A gnoll shaman (D:5)
  An orc priest (D:5)
  A jelly (D:5)
  A centaur skeleton (D:6)
  Ijyb (D:3)
  Terence (D:3)
  Natasha (thrice) (D:2)
  An iguana (D:4)
  2 orc wizards
  2 killer bee zombies (D:5)
  A mummy (D:5)
  Robin (D:2)
  6 adders
  4 gnolls (D:5)
  3 worms
  3 dart slugs
  14 orcs
  9 ball pythons
  6 endoplasms
  4 giant cockroaches
  12 goblins
  4 hobgoblins
  4 jackals (D:3)
  A quokka (D:3)
  5 bats
  A frilled lizard (D:3)
  6 kobolds
  3 rats (D:2)
126 creatures vanquished.

Vanquished Creatures (others)
  A black bear (D:7)
  A bat (D:1)
2 creatures vanquished.

Grand Total: 167 creatures vanquished

Notes
Turn   | Place    | Note
-------+----------+-------------------------------------------
     0 | D:1      | ryw the Demigod Summoner began the quest for the Orb.
     0 | D:1      | Reached XP level 1. HP: 14/14 MP: 5/5
   473 | D:1      | Reached XP level 2. HP: 5/20 MP: 2/7
   528 | D:1      | Learned a level 2 spell: Call Imp
  1424 | D:1      | Reached skill level 1 in Staves
  1727 | D:2      | Noticed Natasha
  1740 | D:2      | Killed Natasha
  1741 | D:2      | Reached XP level 3. HP: 26/27 MP: 1/8
  2110 | D:2      | Noticed Natasha
  2141 | D:2      | Killed Natasha
  2142 | D:2      | Reached skill level 1 in Fighting
  2142 | D:2      | Reached skill level 1 in Evocations
  2183 | D:2      | Noticed Natasha
  2192 | D:2      | Killed Natasha
  2636 | D:2      | Reached skill level 4 in Summonings
  2671 | D:2      | Noticed Robin
  2681 | D:2      | Reached XP level 4. HP: 24/35 MP: 3/9
  3123 | D:2      | Killed Robin
  3463 | D:2      | Learned a level 3 spell: Call Canine Familiar
  3571 | D:3      | Found a runed translucent door.
  3579 | D:3      | Noticed a bullfrog
  3580 | D:3      | Noticed MemeProof's ghost (weakling MiFi)
  3707 | D:3      | Noticed Sigmund
  3729 | D:3      | Killed Sigmund
  3730 | D:3      | Reached XP level 5. HP: 40/40 MP: 4/10
  4107 | D:3      | Noticed Terence
  4108 | D:3      | Noticed Ijyb
  4137 | D:3      | Killed Terence
  4153 | D:3      | Killed Ijyb
  4966 | D:4      | Noticed a black bear
  5662 | D:4      | Killed a black bear
  5705 | D:4      | Reached XP level 6. HP: 40/48 MP: 3/11
  5795 | D:4      | Found a staircase to the Ecumenical Temple.
  6800 | D:5      | Entered Level 5 of the Dungeon
  7285 | D:5      | Noticed Eustachio
  7530 | D:4      | Killed Eustachio
  7610 | D:5      | Reached XP level 7. HP: 38/56 MP: 4/12
  7827 | D:5      | Found a large runed translucent door.
  7828 | D:5      | Found a large runed translucent door.
  7831 | D:5      | Noticed GeorgeFloyd's ghost (novice MiFi)
  8099 | D:5      | Noticed Edmund
  8560 | D:4      | Killed Edmund
  9520 | D:6      | Reached skill level 5 in Summonings
  9663 | D:6      | Identified the +7 short sword of Wyrd {vorpal, Str+3
                  | Stlth+}
  9715 | D:6      | Reached skill level 1 in Armour
 10019 | D:6      | Reached skill level 1 in Short Blades
 10192 | D:6      | Reached XP level 8. HP: 51/63 MP: 10/13
 11249 | D:6      | Learned a level 3 spell: Summon Guardian Golem
 11321 | D:7      | Found a large runed translucent door.
 11323 | D:7      | Found a large runed translucent door.
 11326 | D:7      | Noticed a cyclops
 11339 | D:7      | Noticed a gargoyle
 11830 | D:7      | Noticed a hornet
 11836 | D:7      | Killed a hornet
 12329 | D:7      | Found a large runed translucent door.
 12330 | D:7      | Found a large runed translucent door.
 12528 | D:7      | Reached XP level 9. HP: 15/71 MP: 10/15
 13513 | D:7      | Slain by a troll

Illustrated notes

Levels and vault maps discovered:
D:1:      psy_arrival_statuary, layout_rooms, shapermc_ecumenical_altar_pompeii,
          serial_corexii_hall, chequers_hall_statues_corner_a,
          corexii_hall_statues_u
D:2:      layout_rooms, uniq_robin, uniq_natasha
D:3:      layout_rooms, ebering_ghost_sewer_d, kennysheep_generic_room_10,
          uniq_terence, uniq_sigmund, uniq_ijyb
D:4:      layout_loops_ring, nemelex_spade_bored_becter,
          minmay_temple_entry_waves, kennysheep_another_room
D:5:      layout_rooms, slow_altar_2, ebering_ghost_disaster_area,
          uniq_eustachio, uniq_edmund
D:6:      layout_basic
D:7:      layout_rooms, nicolae_overflow_crystal_walls,
          lemuel_zombie_altar_kikubaaqudgha, minmay_hollow_rounded_squares

Skill      XL: |  1  2  3  4  5  6  7  8 |
---------------+-------------------------+-----
Staves         | 1 2 3 4 |  4.5
Dodging        | 2 3 4 |  4.8
Fighting       | 1 2 3 4 |  4.3
Evocations     | 1 2 3 |  3.0
Summonings     | 4 5 |  5.9
Armour         | 1 3 |  3.0
Short Blades   | 1 4 |  4.1
Spellcasting   | 2 |  2.5
Stealth        | |  1.7

Action                   |  1- 3 |  4- 6 |  7- 9 || total
-------------------------+-------+-------+-------++-------
Melee: Staff             |    77 |   114 |    19 ||   210
       Unarmed           |    19 |       |       ||    19
       Short sword       |       |       |    98 ||    98
 Cast: Summon Small Mamm |    30 |    29 |     4 ||    63
       Call Imp          |    26 |    70 |    54 ||   150
       Call Canine Famil |       |    32 |    50 ||    82
       Summon Guardian G |       |       |     3 ||     3
Evoke: Wand              |       |       |     1 ||     1
  Use: Scroll            |       |       |     6 ||     6
       Potion            |       |       |     1 ||     1
 Stab: Distracted        |     1 |     1 |     4 ||     6
       Sleeping          |     1 |     2 |     4 ||     7
Armor: Robe              |    51 |    35 |       ||    86
       Leather armour    |       |     2 |    31 ||    33
Dodge: Dodged            |   108 |   125 |   107 ||   340
